 Dungeon Crawl Stone Soup version 0.24-a0-67-ga78bd38 (webtiles) character file.

Game seed: 1645532285710723359

179 Blackhawk the Skirmisher (level 5, -1/42 HPs)
             Began as a Formicid Abyssal Knight on Feb 4, 2019.
             Was a Follower of Lugonu.
             Slain by Ijyb
             ... wielding a +5 dagger of holy wrath
              (5 damage)
             ... on level 3 of the Dungeon.
             The game lasted 00:03:55 (3237 turns).

Blackhawk the Skirmisher (Formicid Abyssal Knight)  Turns: 3237, Time: 00:03:55

Health: -1/42      AC:  1    Str: 18    XL:     5   Next: 90%
Magic:  7/7        EV: 11    Int: 11    God:    Lugonu [*.....]
Gold:   86         SH:  0    Dex: 10    Spells: 4/4 levels left

rFire    . . .     SeeInvis +   a - +2 hand axe
rCold    . . .     Gourm    .   (no shield)
rNeg     . . .     Faith    .   b - +0 leather armour
rPois    .         Spirit   .   (helmet unavailable)
rElec    .         Reflect  .   (no cloak)
rCorr    .         Harm     .   (no gloves)
MR       .....                  (no boots)
Stlth    +.........             (no amulet)
HPRegen  0.14/turn              i - +2 ring of protection
MPRegen  0.10/turn              (no ring)

@: corroded, heavily drained
A: permanent stasis, dig shafts and tunnels, four strong arms, antennae 3
a: Dig, Shaft Self, Depart the Abyss, Renounce Religion


You were on level 3 of the Dungeon.
You worshipped Lugonu.
Lugonu was aware of your devotion.
You were hungry.

You visited 1 branch of the dungeon, and saw 3 of its levels.
You visited the Abyss 1 time.

You collected 86 gold pieces.

Inventory:

Hand Weapons
 a - a +2 hand axe (weapon)
 q - a +2 mace of draining
Armour
 b - a +0 leather armour (worn)
Jewellery
 i - a +2 ring of protection (left hand)
Wands
 p - a wand of flame (16)
Scrolls
 e - 2 scrolls of remove curse
 f - 2 scrolls of identify {unknown}
 l - a scroll of immolation {unknown}
 m - a scroll of blinking {unknown}
 o - 2 scrolls of magic mapping {unknown}
 r - 2 scrolls of enchant weapon
Potions
 d - 2 potions of lignification {unknown}
 g - 2 potions of flight {unknown}
 h - 2 potions of haste {unknown}
 j - 2 potions of heal wounds {unknown}
 n - a potion of brilliance {unknown}
Comestibles
 c - 6 rations
 k - 5 chunks of flesh


   Skills:
 + Level 4.1(2.9) Fighting
 + Level 3.0(1.8) Axes
 + Level 3.3(2.1) Armour
 + Level 2.1(1.0) Dodging
 + Level 3.6(2.4) Invocations


You had 4 spell levels left.
You didn't know any spells.
Your spell library was empty.

Dungeon Overview and Level Annotations

Branches:
Dungeon (3/15)

Altars:
Ashenzari
Kikubaaqudgha
Sif Muna
Wu Jian
Yredelemnul

Annotations:
D:3 Ijyb


Innate Abilities, Weirdness & Mutations

You cannot be hasted, slowed, berserked, paralysed or teleported.
You can dig through walls and to a lower floor.
Your four strong arms can wield two-handed weapons with a shield.
You have a pair of large antennae on your head. (SInv)


Message History

You are too injured to fight recklessly!
You are too injured to fight recklessly!
You are too injured to fight recklessly!
You are too injured to fight recklessly!
You are too injured to fight recklessly!
You hit Ijyb.
Ijyb is severely wounded.
Ijyb hits you with a +5 dagger of holy wrath.
You barely miss Ijyb.
Ijyb is severely wounded.
Ijyb hits you but does no damage. Ijyb barely misses you.
You barely miss Ijyb.
Ijyb is severely wounded.
Ijyb zaps a wand.
The bolt of acid hits you! The acid corrodes you!
You are splashed with acid!
* * * LOW HITPOINT WARNING * * *
You completely miss Ijyb.
Ijyb is severely wounded.
Ijyb hits you with a +5 dagger of holy wrath.
You die...

#.#.##.#
#..#####.###.##.#
#.#. .#
#..##....)......#
#.# .#
#..#............)
#.# .#
#..#..##.###.####
.# #.....##.# #.#
#.#####.##.###.#
#.#
#..........###(#
#.#
########........#
#.#
......g@....#####
#.# ##########.##
#.# ...# .#...
.### #


You could see Ijyb.

Vanquished Creatures
  Jessica (D:3)
  Terence (D:3)
  8 adders
  3 worms
  A dart slug (D:1)
  A leopard gecko (D:2)
  An orc (D:3)
  5 bats
  3 giant cockroaches
  3 goblins
  9 hobgoblins
  7 kobolds
  A quokka (D:2)
  5 frilled lizards
  4 rats (D:1)
53 creatures vanquished.

Vanquished Creatures (others)
  A giant cockroach (D:3)
1 creature vanquished.

Grand Total: 54 creatures vanquished

Notes
Turn   | Place    | Note
-------+----------+-------------------------------------------
     0 | Abyss:1  | Blackhawk the Formicid Abyssal Knight began the quest for
                  | the Orb.
     0 | Abyss:1  | Reached XP level 1. HP: 18/18 MP: 2/2
    38 | Abyss:1  | Noticed a lich
    40 | D:1      | Escaped the Abyss
    94 | D:1      | Reached skill level 1 in Dodging
   235 | D:1      | Reached XP level 2. HP: 24/24 MP: 3/3
   381 | D:1      | Reached * piety under Lugonu
   830 | D:2      | Reached XP level 3. HP: 29/29 MP: 4/4
  1462 | D:2      | Found a deep blue altar of Sif Muna.
  1527 | D:2      | Reached XP level 4. HP: 32/37 MP: 6/6
  1604 | D:2      | Found an ancient bone altar of Kikubaaqudgha.
  1605 | D:2      | Found an ornate altar of the Wu Jian Council.
  2173 | D:2      | Found a basalt altar of Yredelemnul.
  2614 | D:3      | Reached XP level 5. HP: 33/42 MP: 7/7
  2810 | D:3      | Noticed Terence
  2811 | D:3      | Noticed Jessica
  2833 | D:3      | Killed Terence
  2833 | D:3      | Reached skill level 4 in Fighting
  2846 | D:3      | Killed Jessica
  3007 | D:3      | Found a shattered altar of Ashenzari.
  3223 | D:3      | Noticed Ijyb
  3237 | D:3      | Slain by Ijyb

Vault maps used:
D:1:      minmay_arrival_stone_box
D:2:      led_sif_pool, yredelemnul_altar_generic,
          gammafunk_temple_overflow_statue
D:3:      fiery_altar_vehumet, old_standard_altar, uniq_jessica,
          uniq_crazy_yiuf_cottage, uniq_terence, uniq_ijyb

Skill      XL: |  1  2  3  4  5 |
---------------+----------------+-----
Dodging        | 1 2 |  2.1
Invocations    | 3 |  3.6
Armour         | 3 |  3.3
Fighting       | 4 |  4.1
Axes           | 3 |  3.0

Action                   |  1- 3 |  4- 6 || total
-------------------------+-------+-------++-------
Melee: Hand axe          |    70 |   144 ||   214
Invok: Depart the Abyss  |     1 |       ||     1
  Use: Scroll            |       |     4 ||     4
  Eat: Chunk             |     2 |     5 ||     7
Armor: Leather armour    |    19 |    51 ||    70
Dodge: Dodged            |    42 |    91 ||   133

Table legend:
 A = Non-vault XP
 B = Vault XP
 C = Vault XP percentage of total XP
 D = Non-vault monster count
 E = Vault monster count
 F = Vault count percentage of total count
                 A         B        C        D         E       F
            +---------+---------+-------+---------+---------+-------
      Total |     188 |      69 |  26.8 |      51 |       2 |   3.8
            +---------+---------+-------+---------+---------+-------
        D:1 |      53 |       0 |   0.0 |      17 |       0 |   0.0
        D:2 |      79 |       0 |   0.0 |      23 |       0 |   0.0
        D:3 |      56 |      69 |  55.2 |      11 |       2 |  15.4
            +---------+---------+-------+---------+---------+-------
